 Dungeon Crawl Stone Soup version 0.18-a0-721-g8fc53f4 (webtiles) character file.

102 Ijustatesigmund the Sneak (level 4, -3/27 HPs)
             Began as an Octopode Wizard on Dec 8, 2015.
             Slain by an orc wizard
             ... wielding a +0 dagger
              (6 damage)
             ... on level 3 of the Dungeon.
             The game lasted 00:07:06 (2403 turns).

Ijustatesigmund the Sneak (Octopode Wizard)         Turns: 2403, Time: 00:07:06

Health: -3/27      AC:  2    Str:  6    XL:     4   Next: 78%
Magic:  8/8        EV: 12    Int: 21    God:
Gold:   116        SH:  0    Dex: 10    Spells: 4 memorised, 1 level left

rFire  . . .     SeeInvis .     e - +2 hand axe (flame)
rCold  . . .     Clarity  .     (no shield)
rNeg   . . .     SustAt   .     a - +1 hat
rPois  .         Gourm    .     (no amulet)
rElec  .         Spirit   .     (no ring)
rCorr  .         Dismiss  .     (no ring)
rMut   .         Stasis   .     (no ring)
MR     .....                    (no ring)
Stlth  ++++......               (no ring)
                                (no ring)
                                (no ring)
                                (no ring)

@: repel missiles, not resistant to hostile enchantments, stealthy
A: almost no armour, amphibious, 8 rings, constrict 8, camouflage 1, gelatinous
body 1
a: no special abilities


You were on level 3 of the Dungeon.
You were hungry.

You visited 1 branch of the dungeon, and saw 3 of its levels.

You collected 116 gold pieces.

Inventory:

Hand Weapons
 e - a +2 hand axe of flaming (weapon)
 i - a +0 spear of venom
Missiles
 d - 7 curare-tipped needles
Armour
 a - a +1 hat (worn)
Scrolls
 g - a scroll of remove curse
 h - a scroll of immolation
Potions
 f - a potion of haste {unknown}
 j - a potion of cancellation {unknown}
 k - 2 potions of curing {unknown}
Books
 b - a book of Minor Magic

   Spells                             Type                      Level
   a - Magic Dart                     Conjuration                  1
   b - Blink                          Translocation                2
   c - Call Imp                       Summoning                    2
   d - Repel Missiles                 Charms/Air                   2
   e - Slow                           Hexes                        2
   f - Conjure Flame                  Conjuration/Fire             3
   g - Mephitic Cloud                 Conjuration/Poison/Air       3
Comestibles
 c - 5 bread rations


   Skills:
 - Level 2.0 Dodging
 - Level 4.0 Stealth
 - Level 3.0 Spellcasting
 + Level 3.4 Conjurations
   Level 1.0 Summonings
 - Level 1.0 Translocations
 - Level 1.0 Air Magic
 - Level 1.0 Poison Magic


You had one spell level left.
You knew the following spells:

 Your Spells              Type           Power        Failure   Level  Hunger
a - Magic Dart            Conj           ###.         3%          1    None
b - Blink                 Tloc           N/A          14%         2    ##.....
c - Repel Missiles        Chrm/Air       #.....       17%         2    ##.....
d - Mephitic Cloud        Conj/Pois/Air  ##......     21%         3    ###....


Dungeon Overview and Level Annotations

Branches:
Dungeon (3/15)

Altars:


Innate Abilities, Weirdness & Mutations

You cannot wear most types of armour.
You are amphibious.
You can wear up to eight rings at the same time.
You can use your tentacles to constrict eight enemies at once.
Your skin changes colour to match your surroundings (Stealth).
Your rubbery body absorbs attacks (AC +1).


Message History

The worm bites you.
You hit the worm. You burn the worm.
You kill the worm!
The orc closely misses you.
You closely miss the orc. Your grab misses the orc.
The orc hits you with a hand axe.
You closely miss the orc. You grab the orc. You constrict the orc.
The orc closely misses you.
You hit the orc. You burn the orc.
You kill the orc!
Something hits you.
You closely miss something. Something hits you.
You hit something. You burn something. Something hits you.
You barely miss something.
You hear some strange, mumbled words.
A puff of flame appears from out of thin air!
The puff of flame hits you!
* * * LOW HITPOINT WARNING * * *
You miss something. Something hits you.
You die...

#.#..#
#.#..#
#.#..#
#.#..#
###.## #.#
#.#
#.######..
#.@{......
##########


There were no monsters in sight!

Vanquished Creatures
  3 adders (D:2)
  An ooze (D:2)
  2 worms
  2 giant geckos
  An orc (D:3)
  6 bats
  2 giant cockroaches (D:1)
  12 hobgoblins
  2 jackals (D:1)
  2 quokkas (D:2)
  3 giant newts
  5 goblins
  9 kobolds
  9 rats
59 creatures vanquished.

Notes
Turn   | Place    | Note
--------------------------------------------------------------
     0 | D:1      | Ijustatesigmund the Octopode Wizard began the quest for the Orb.
     0 | D:1      | Reached XP level 1. HP: 11/11 MP: 4/4
   181 | D:1      | Reached XP level 2. HP: 17/17 MP: 3/6
   185 | D:1      | Learned a level 2 spell: Blink
   188 | D:1      | Learned a level 2 spell: Repel Missiles
   787 | D:1      | Reached XP level 3. HP: 21/21 MP: 7/7
   792 | D:1      | Learned a level 3 spell: Mephitic Cloud
  1224 | D:2      | Reached skill level 4 in Stealth
  1541 | D:2      | Reached skill level 1 in Poison Magic
  1541 | D:2      | Reached XP level 4. HP: 24/27 MP: 3/8
  1664 | D:2      | Reached skill level 1 in Air Magic
  2403 | D:3      | Slain by an orc wizard

Vault maps used:
D:1:      nicolae_arrival_washed_ashore, st_stairs_8
D:3:      forest_paths, gup_sewer_entry_spiral, first_bread, uniq_iyjb,
          uniq_jessica

Action                   |  1- 3 |  4- 6 || total
-------------------------+-------+-------++-------
Melee: Unarmed           |     9 |       ||     9
       Hand axe          |    41 |    26 ||    67
 Cast: Magic Dart        |    48 |    26 ||    74
       Repel Missiles    |     1 |       ||     1
  Use: Scroll            |     2 |     2 ||     4
 Stab: Sleeping          |     8 |     5 ||    13
       Distracted        |     1 |       ||     1
  Eat: Chunk             |     2 |     2 ||     4
